 Dungeon Crawl Stone Soup version 0.24.1-14-gf8d2b509d9 (webtiles) character file.

Game seed: 5762516219738020877, levelgen mode: deterministic

50 sankara the Grave Robber (level 3, -2/24 HPs)
             Began as a Demonspawn Necromancer on Sept 3, 2020.
             Slain by a gnoll (4 damage)
             ... on level 1 of the Dungeon.
             The game lasted 00:11:36 (2442 turns).

sankara the Grave Robber (Demonspawn Necromancer)   Turns: 2442, Time: 00:11:36

Health: -2/24      AC:  3    Str:  9    XL:     3   Next: 55%
Magic:  2/6        EV: 15    Int: 16    God:
Gold:   94         SH:  9    Dex: 13    Spells: 1/6 levels left

rFire    . . .     SeeInvis .   f - +0 dagger
rCold    . . .     Gourm    .   d - +2 shield
rNeg     . . .     Faith    .   a - +0 robe
rPois    .         Spirit   .   (no helmet)
rElec    .         Reflect  .   (no cloak)
rCorr    .         Harm     .   s - +0 pair of gloves
MR       .....                  (no boots)
Stlth    ++........             (no amulet)
HPRegen  0.08/turn              p - +3 ring of evasion
MPRegen  0.10/turn              (no ring)

@: very slightly contaminated
A: repulsion field 1, powered by pain 1
a: no special abilities


You were on level 1 of the Dungeon.
You were not hungry.

You visited 1 branch of the dungeon, and saw 2 of its levels.

You collected 94 gold pieces.

Inventory:

Hand Weapons
 b - a +0 spear
 f - a +0 dagger (weapon)
Missiles
 g - 3 stones (quivered)
 t - 9 sling bullets
Armour
 a - a +0 robe (worn)
 d - a +2 shield (worn)
 s - a +0 pair of gloves (worn)
Jewellery
 p - a +3 ring of evasion (left hand)
Scrolls
 e - 2 scrolls of blinking {unknown}
 h - a scroll of enchant weapon {unknown}
 i - a scroll of noise {unknown}
 k - a scroll of teleportation {unknown}
 l - a scroll of random uselessness {unknown}
 m - a scroll of fog {unknown}
 n - 2 scrolls of identify {unknown}
Potions
 j - a potion of lignification {unknown}
 o - a potion of curing {unknown}
 q - a potion of agility {unknown}
Comestibles
 c - 3 rations
 r - 8 chunks of flesh


   Skills:
 + Level 2.3 Dodging
 - Level 1.7 Stealth
 + Level 1.2 Shields
 + Level 2.4 Spellcasting
 + Level 0.3 Charms
 + Level 4.8 Necromancy


You had one spell level left.
You knew the following spells:

 Your Spells              Type           Power        Failure   Level  Hunger
a - Pain                  Necr           ###.         16%         1    #......
b - Animate Skeleton      Necr           N/A          16%         1    #......
c - Regeneration          Chrm/Necr      ##........   77%         3    ###....

Your spell library contained the following spells:

 Spells                   Type           Power        Failure   Level  Hunger
 Vampiric Draining        Necr           ###.......   43%         3    ###....
 Animate Dead             Necr           N/A          85%         4    #####..


Dungeon Overview and Level Annotations

Branches:
Dungeon (2/15)

Altars:


Innate Abilities, Weirdness & Mutations

You are surrounded by a mild repulsion field. (EV +2)
You sometimes gain a little power by taking damage.


Message History

Unknown command.
Casting: Pain (safe; 16% risk of failure)
Confirm with . or Enter, or press ? or * to list all spells.
Aiming: Pain (safe; 16% risk of failure)
Press: ? - help, Shift-Dir - straight line, f/p - gnoll
Aim: a gnoll (chance to defeat MR: 82%)
The gnoll barely resists.
The gnoll misses you.
Casting: Pain (safe; 16% risk of failure)
Confirm with . or Enter, or press ? or * to list all spells.
Aiming: Pain (safe; 16% risk of failure)
Press: ? - help, Shift-Dir - straight line, f/p - gnoll
Aim: a gnoll (chance to defeat MR: 82%)
The gnoll writhes in agony.
The gnoll barely misses you.
Casting: Pain (safe; 16% risk of failure)
Confirm with . or Enter, or press ? or * to list all spells.
Aiming: Pain (safe; 16% risk of failure)
Press: ? - help, Shift-Dir - straight line, f/p - gnoll
Aim: a gnoll (lightly wounded, chance to defeat MR: 82%)
The gnoll writhes in agony.
The gnoll hits you.
You die...

#### ..)##########
...##.......########
...##.......+......#
...##.......######.#
...##............#.#
.).''.........##.#.#
...##.........##@#.#
...##.........##g#Z#
...).....#'#.g##.#Z#
....#.####.#..#..#.#
....#.##...#.....#.#
###.#.##+####'####.#
........>.......Z..#
....#............###
.####............#


You could see a gnoll.

Vanquished Creatures
  An adder (D:2)
  A dart slug (D:1)
  2 leopard geckos (D:1)
  3 bats (D:2)
  A giant cockroach (D:2)
  3 goblins (D:1)
  5 hobgoblins (D:1)
  3 jackals (D:2)
  5 kobolds
  A ball python (D:2)
  3 frilled lizards
  4 rats
32 creatures vanquished.

Vanquished Creatures (collateral kills)
  A dart slug (D:1)
  A hobgoblin (D:1)
2 creatures vanquished.

Grand Total: 34 creatures vanquished

Notes
Turn   | Place    | Note
-------+----------+-------------------------------------------
     0 | D:1      | sankara the Demonspawn Necromancer began the quest for the
                  | Orb.
     0 | D:1      | Reached XP level 1. HP: 13/13 MP: 3/3
    69 | D:1      | Learned a level 1 spell: Animate Skeleton
   612 | D:1      | Gained mutation: You sometimes gain a little power by
                  | taking damage. [demonic ancestry]
   612 | D:1      | Reached XP level 2. HP: 5/19 MP: 0/5
  1350 | D:1      | Reached skill level 1 in Shields
  1538 | D:1      | Gained mutation: You are surrounded by a mild repulsion
                  | field. (EV +2) [demonic ancestry]
  1538 | D:1      | Reached XP level 3. HP: 13/24 MP: 2/6
  1786 | D:1      | Learned a level 3 spell: Regeneration
  2442 | D:1      | Slain by a gnoll

Levels and vault maps discovered:
D:1:      sevenhm_arrival_forest_fort_small_3, layout_basic, hex_medium,
          corexii_item_surrounded_by_moat, corexii_leaking_fountain,
          minmay_small_reverse_x
D:2:      layout_basic, overflow_temple_1_default

Skill      XL: |  1  2 |
---------------+-------+-----
Dodging        | 2 |  2.3
Shields        | 1 |  1.2
Stealth        | |  1.7
Spellcasting   | |  2.4
Charms         | |  0.3
Necromancy     | |  4.8

Action                   || total
-------------------------++-------
Melee: Dagger            ||    19
 Cast: Pain              ||    62
       Animate Skeleton  ||    15
 Stab: Distracted        ||     1
  Eat: Chunk             ||     6
Armor: Robe              ||     3
Dodge: Dodged            ||    24
Block: Shield            ||    26
